 Dungeon Crawl Stone Soup version 0.23.0 (webtiles) character file.

Game seed: 14758276766479356188

151 tidbits the Charmwright (level 5, 31/43 HPs)
             Began as a Gnoll Skald on Feb 11, 2019.
             Quit the game on level 2 of the Dungeon.
             The game lasted 00:06:29 (694 turns).

tidbits the Charmwright (Gnoll Skald)                Turns: 694, Time: 00:06:29

Health: 31/43      AC:  3    Str: 14    XL:     5   Next: 33%
Magic:  8/12       EV: 14    Int: 16    God:
Gold:   154        SH:  0    Dex: 14    Spells: 3/14 levels left

rFire    . . .     SeeInvis .   a - +0 spear
rCold    . . .     Gourm    .   (no shield)
rNeg     . . .     Faith    .   b - +0 leather armour
rPois    .         Spirit   .   (no helmet)
rElec    .         Reflect  .   (no cloak)
rCorr    .         Harm     .   (no gloves)
MR       .....                  (no boots)
Stlth    +.........             (no amulet)
HPRegen  0.14/turn              j - ring of attention (curse)
MPRegen  0.13/turn              (no ring)

@: no status effects
A: distributed training, fangs 1, strong nose
a: no special abilities


You were on level 2 of the Dungeon.
You were hungry.

You visited 1 branch of the dungeon, and saw 4 of its levels.

You collected 154 gold pieces.

Inventory:

Hand Weapons
 a - a +0 spear (weapon)
 m - a +1 whip of freezing
   (You took it off an orc on level 3 of the Dungeon)
 n - a +0 quarterstaff
Missiles
 h - 18 sling bullets
 k - a throwing net (quivered) {!f}
 l - a stone
Armour
 b - a +0 leather armour (worn)
Jewellery
 j - a cursed ring of attention (left hand)
   (You found it on level 1 of the Dungeon)
Scrolls
 f - a scroll of enchant armour {unknown}
 o - a scroll of fog {unknown}
 p - a scroll of blinking
 q - a scroll of amnesia {unknown}
 r - a scroll of noise {unknown}
Potions
 c - 2 potions of brilliance {unknown}
 e - a potion of heal wounds
 g - a potion of curing
 i - a potion of mutation {unknown}
Comestibles
 d - 3 rations


   Skills:
 + Level 4.7 Fighting
 + Level 1.4 Short Blades
 + Level 1.4 Long Blades
 + Level 1.4 Axes
 + Level 1.4 Maces & Flails
 + Level 4.7 Polearms
 + Level 1.4 Staves
 + Level 1.4 Slings
 + Level 1.4 Bows
 + Level 1.4 Crossbows
 + Level 1.4 Throwing
 + Level 2.9 Armour
 + Level 4.7 Dodging
 + Level 1.4 Stealth
 + Level 1.4 Shields
 + Level 1.4 Unarmed Combat
 + Level 5.2 Spellcasting
 + Level 1.1 Conjurations
 + Level 1.1 Hexes
 + Level 5.5 Charms
 + Level 1.1 Summonings
 + Level 1.1 Necromancy
 + Level 1.1 Translocations
 + Level 1.1 Transmutations
 + Level 1.1 Fire Magic
 + Level 1.1 Ice Magic
 + Level 1.1 Air Magic
 + Level 1.1 Earth Magic
 + Level 1.1 Poison Magic
 + Level 1.6 Invocations
 + Level 1.4 Evocations


You had 3 spell levels left.
You knew the following spells:

 Your Spells              Type           Power        Failure   Level  Hunger
g - Shroud of Golubria    Chrm/Tloc      ##........   7%          2    #......
i - Infusion              Chrm           ###.         1%          1    None
r - Regeneration          Chrm/Necr      ##........   14%         3    ###....
w - Spectral Weapon       Hex/Chrm       ##......     14%         3    ###....
y - Song of Slaying       Chrm           ###.....     2%          2    #......

Your spell library contained the following spells:

 Spells                   Type           Power        Failure   Level  Hunger


Dungeon Overview and Level Annotations

Branches:
Dungeon (4/15)
 Temple: D:4-7

Altars:
Ashenzari
Hepliaklqana

Annotations:
D:2 Robin


Innate Abilities, Weirdness & Mutations

Your experience applies equally to all skills.
You have very sharp teeth.
Your uncanny sense of smell can sniff out nearby items.


Message History

The magic dart hits you.
* * * LOW HITPOINT WARNING * * *
Unknown command.
Natasha closely misses you.
Unknown command.
You miss Natasha.
Your spectral weapon barely misses Natasha.
Natasha misses you.
You completely miss Natasha. You bite Natasha, but do no damage.
Your spectral weapon closely misses Natasha.
Natasha completely misses you.
You closely miss Natasha.
Your spectral weapon barely misses Natasha.
Natasha claws you!
* * * LOW HITPOINT WARNING * * *
You hit Natasha.
Natasha is moderately wounded.
Your spectral weapon hits Natasha from afar.
Natasha casts a spell at you. The magic dart hits you.
* * * LOW HITPOINT WARNING * * *
You feel much better. Natasha misses you.
You miss Natasha.
Natasha is heavily wounded.
Your spectral weapon closely misses Natasha.
Natasha mumbles some strange words.
You feel troubled. Natasha claws you.
You hit Natasha. Your bite misses Natasha.
Natasha is severely wounded.
Your spectral weapon hits Natasha from afar.
You kill Natasha!
Natasha yowls pathetically as she dies!
Your spectral weapon fades away.
You open the door.
An adder comes into view.
The adder hisses angrily.
Found 13 gold pieces.
Unknown command.
Casting: Spectral Weapon (safe; 14% risk of failure)
Confirm with . or Enter, or press ? or * to list all spells.
You draw out your weapon's spirit!
You are feeling hungry.
The adder bites your spectral weapon.
Your spectral weapon shares its damage with you!
Unknown command.
Unknown command.
You swap places.
The adder misses you.
There is an open door here.
Unknown command.
You miss the adder.
Your spectral weapon hits the adder from afar.
The adder bites you.
You are poisoned.
The adder poisons you!
You hit the adder but do no damage.
The adder is heavily wounded.
You feel sick.
Your spectral weapon hits the adder from afar.
The adder closely misses you. The adder bites you.
* * * LOW HITPOINT WARNING * * *
You are more poisoned.
The adder poisons you!
You barely miss the adder.
The adder is almost dead.
You feel sick.
Your spectral weapon hits the adder but does no damage.
The adder closely misses you.
You miss the adder.
The adder is almost dead.
Your spectral weapon hits the adder but does no damage.
The adder bites you.
* * * LOW HITPOINT WARNING * * *
You hit the adder.
You kill the adder!
You feel sick.
You feel better.
Unknown command.
You see here an adder corpse.
Found 14 gold pieces and a dagger.
Unknown command.
You see here 13 gold pieces.
Unknown command.
You now have 140 gold pieces (gained 13).
You see here 14 gold pieces.
You now have 154 gold pieces (gained 14).
A giant cockroach comes into view.
The giant cockroach bites you but does no damage.
The giant cockroach barely misses you.
Unknown command.
You barely miss the giant cockroach.
You bite the giant cockroach, but do no damage.
Your spectral weapon hits the giant cockroach from afar.
The giant cockroach bites you but does no damage.
You closely miss the giant cockroach.
The giant cockroach is almost dead.
Your spectral weapon hits the giant cockroach from afar.
You kill the giant cockroach!
Your spectral weapon fades away.
Are you sure you want to abandon this character and quit the game? (Confirm with "yes".)

#.##......#
#......
#.........#
#...... .
####......#
#......
.###.#......#
#......
...#.†....###
#......
##.#(######
#...... ....((#
####### .#.#..#
#############
.#.#..#
#....@......#
<#.[..#
#...........#####
.###.###
############....#
.#.....# #....#
.#.#.####### #
#....# ####
...........#.#
#....##....
....<....PP.#
#....##....
....#......#
#....##....
..........## ∆
#....# ....


There were no monsters in sight!

Vanquished Creatures
  Natasha (D:2)
  3 gnolls (D:2)
  3 adders (D:2)
  2 worms (D:2)
  A dart slug (D:2)
  A leopard gecko (D:3)
  16 orcs
  2 giant cockroaches
  5 hobgoblins
  5 bats
  2 frilled lizards (D:3)
  2 goblins
  5 kobolds
  A rat (D:3)
49 creatures vanquished.

Notes
Turn   | Place    | Note
-------+----------+-------------------------------------------
     0 | D:1      | tidbits the Gnoll Skald began the quest for the Orb.
     0 | D:1      | Reached XP level 1. HP: 20/20 MP: 6/6
    91 | D:2      | Reached XP level 2. HP: 26/26 MP: 1/7
    95 | D:2      | Learned a level 2 spell: Song of Slaying
    98 | D:2      | Learned a level 2 spell: Shroud of Golubria
   220 | D:2      | Reached skill level 5 in Spellcasting
   220 | D:2      | Reached XP level 3. HP: 23/31 MP: 0/9
   225 | D:2      | Learned a level 3 spell: Regeneration
   229 | D:2      | Learned a level 3 spell: Spectral Weapon
   274 | D:2      | Reached skill level 1 in Invocations
   290 | D:2      | HP: 5/31 [kobold/stone (3)]
   311 | D:2      | Found a hazy altar of Hepliaklqana.
   325 | D:2      | Identified the cursed +0 helmet "Fydithro" {Dex+4}
   325 | D:2      | Noticed Robin
   384 | D:3      | Reached skill level 1 in Short Blades
   384 | D:3      | Reached skill level 1 in Long Blades
   384 | D:3      | Reached skill level 1 in Axes
   384 | D:3      | Reached skill level 1 in Maces & Flails
   384 | D:3      | Reached skill level 1 in Staves
   384 | D:3      | Reached skill level 1 in Slings
   384 | D:3      | Reached skill level 1 in Bows
   384 | D:3      | Reached skill level 1 in Crossbows
   384 | D:3      | Reached skill level 1 in Throwing
   384 | D:3      | Reached skill level 1 in Stealth
   384 | D:3      | Reached skill level 1 in Shields
   384 | D:3      | Reached skill level 1 in Unarmed Combat
   384 | D:3      | Reached skill level 1 in Evocations
   396 | D:3      | Reached XP level 4. HP: 18/38 MP: 1/11
   575 | D:2      | Reached skill level 1 in Conjurations
   575 | D:2      | Reached skill level 1 in Hexes
   575 | D:2      | Reached skill level 1 in Summonings
   575 | D:2      | Reached skill level 1 in Necromancy
   575 | D:2      | Reached skill level 1 in Translocations
   575 | D:2      | Reached skill level 1 in Transmutations
   575 | D:2      | Reached skill level 1 in Fire Magic
   575 | D:2      | Reached skill level 1 in Ice Magic
   575 | D:2      | Reached skill level 1 in Air Magic
   575 | D:2      | Reached skill level 1 in Earth Magic
   575 | D:2      | Reached skill level 1 in Poison Magic
   584 | D:2      | Found a shattered altar of Ashenzari.
   610 | D:2      | Reached XP level 5. HP: 14/43 MP: 1/12
   615 | D:2      | Noticed Natasha
   615 | D:2      | HP: 6/43 [Natasha/magic dart (9)]
   628 | D:2      | HP: 3/43 [Natasha/magic dart (6)]
   631 | D:2      | Killed Natasha
   694 | D:2      | Quit the game

Skill      XL: |  1  2  3  4 |
---------------+-------------+-----
Spellcasting   | 5 |  5.2
Invocations    | 1 |  1.6
Short Blades   | 1 |  1.4
Long Blades    | 1 |  1.4
Axes           | 1 |  1.4
Maces & Flails | 1 |  1.4
Staves         | 1 |  1.4
Slings         | 1 |  1.4
Bows           | 1 |  1.4
Crossbows      | 1 |  1.4
Throwing       | 1 |  1.4
Stealth        | 1 |  1.4
Shields        | 1 |  1.4
Unarmed Combat | 1 |  1.4
Evocations     | 1 |  1.4
Conjurations   | 1 |  1.1
Hexes          | 1 |  1.1
Summonings     | 1 |  1.1
Necromancy     | 1 |  1.1
Translocations | 1 |  1.1
Transmutations | 1 |  1.1
Fire Magic     | 1 |  1.1
Ice Magic      | 1 |  1.1
Air Magic      | 1 |  1.1
Earth Magic    | 1 |  1.1
Poison Magic   | 1 |  1.1
Fighting       | |  4.7
Polearms       | |  4.7
Armour         | |  2.9
Dodging        | |  4.7
Charms         | |  5.5

Action                   |  1- 3 |  4- 6 || total
-------------------------+-------+-------++-------
Melee: Spear             |    93 |    68 ||   161
       Bite              |     3 |     5 ||     8
 Cast: Infusion          |     5 |       ||     5
       Spectral Weapon   |     2 |     6 ||     8
       Regeneration      |     1 |     2 ||     3
       Song of Slaying   |       |     1 ||     1
  Use: Scroll            |     2 |       ||     2
       Potion            |     1 |     3 ||     4
Armor: Leather armour    |    14 |     4 ||    18
Dodge: Dodged            |    41 |    43 ||    84

Table legend:
 A = Turns spent in this place as a percentage of turns spent in the entire game.
 B = Non-inter-level travel turns spent in this place as a percentage of non-inter-level travel turns spent in the entire game.
 C = Inter-level travel turns spent in this place as a percentage of turns spent in this place.
 D = Turns resting spent in this place as a percentage of non-inter-level travel turns spent in this place.
 E = Turns spent auto-exploring this place as a percentage of non-inter-level travel turns spent in this place.
 F = Non-inter-level travel turns spent in this place divided by the number of levels of this place that you've seen.
                   A       B       C       D       E      F
               +-------+-------+-------+-------+-------+----------------------
         Total | 100.0 | 100.0 |   0.0 |   0.0 |   0.0 | 173.5
       Dungeon | 100.0 | 100.0 |   0.0 |   0.0 |   0.0 | 173.5
               +-------+-------+-------+-------+-------+----------------------

Table legend:
 A = Kills in this place as a percentage of kills in entire the game.
 B = Kills by you in this place as a percentage of kills by you in the entire game.
 C = Kills by friends in this place as a percentage of kills by friends in the entire game.
 D = Other kills in this place as a percentage of other kills in the entire game.
 E = Experience gained in this place as a percentage of experience gained in the entire game.
 F = Experience gained in this place divided by the number of levels of this place that you have seen.
                   A       B       C       D       E      F
               +-------+-------+-------+-------+-------+----------------------
         Total | 100.0 | 100.0 |   N/A |   N/A | 100.0 |  54.2
       Dungeon | 100.0 | 100.0 |   N/A |   N/A | 100.0 |  54.2
               +-------+-------+-------+-------+-------+----------------------

Levels and vault maps discovered:
D:1:      denvon_arrival_planthouse, layout_basic
D:2:      layout_basic, lemuel_round_altar, overflow_temple_1_default,
          minmay_misc_feat_columns, uniq_natasha, uniq_sigmund,
          uniq_crazy_yiuf_cottage, uniq_robin
D:3:      layout_rooms, elyvilon_altar_4
D:4:      layout_cave_pools, grunt_temple_overflow_open
